 Dungeon Crawl Stone Soup version 0.26-a0-1026-g544776af23 (webtiles) character file.

Game seed: 6942289412033817280

41 sahdkjhfkaj the Gusty (level 3, -2/19 HPs)
             Began as a Tengu Air Elementalist on Dec 9, 2020.
             Slain by a worm (10 damage)
             ... on level 2 of the Dungeon.
             The game lasted 00:01:06 (2178 turns).

sahdkjhfkaj the Gusty (Tengu Air Elementalist)      Turns: 2178, Time: 00:01:06

Health: -2/19      AC:  2    Str:  5 (8)  XL:     3   Next: 52%
Magic:  0/7        EV: 12    Int: 20 (22) God:
Gold:   72         SH:  4    Dex: 11 (14) Spells: 5/6 levels left

rFire    . . .     SeeInvis .   (no weapon)
rCold    . . .     Faith    .   d - +0 buckler
rNeg     . . .     Spirit   .   a - +0 robe
rPois    .         Reflect  .   (helmet restricted)
rElec    .         Harm     .   (no cloak)
rCorr    .         Rampage  .   (no gloves)
Will     .....                  (boots unavailable)
Stlth    ++........             (no amulet)
HPRegen  0.06/turn              t - +6 ring of intelligence
MPRegen  0.10/turn              (no ring)

@: no status effects
A: beak, talons 3
a: no special abilities


You were on level 2 of the Dungeon.
You visited 1 branch of the dungeon, and saw 3 of its levels.

You collected 72 gold pieces.

Inventory:

Armour
 a - a +0 robe (worn)
 d - a +0 buckler (worn)
Jewellery
 t - a +6 ring of intelligence (left hand)
Scrolls
 b - a scroll of amnesia {unknown}
 f - a scroll of remove curse {@r2}
 g - a scroll of identify {unknown}
 i - 2 scrolls of teleportation {@r3}
 j - a scroll of immolation
Potions
 c - a potion of curing {unknown}
 e - a potion of brilliance {unknown}
 h - a potion of resistance {unknown}


   Skills:
 - Level 2.1 Dodging
 - Level 2.0 Stealth
 + Level 1.9 Shields
 - Level 2.0 Spellcasting
 + Level 3.3 Conjurations
 - Level 4.0 Air Magic


You had 5 spell levels left.
You knew the following spells:

 Your Spells              Type           Power        Failure   Level
a - Shock                 Conj/Air       ###.         4%          1

Your spell library contained the following spells:

 Spells                   Type           Power        Failure   Level
 Swiftness                Air            ###.....     6%          2
 Static Discharge         Conj/Air       ###.....     13%         3
 Airstrike                Air            ###.......   36%         4
 Lightning Bolt           Conj/Air       ###.......   77%         5


Dungeon Overview and Level Annotations

Branches:
Dungeon (3/15)

Altars:
Fedhas


Innate Abilities, Weirdness & Mutations

You have a beak for a mouth.
You have claws for feet.


Message History

Press: ? - help, Shift-Dir - straight line, f/p - worm
Aim: a worm (heavily wounded, 10% to evade)
The zap hits the worm.
The worm is severely wounded.
The worm bites you.
Casting: Shock (safe; 4% risk of failure)
Confirm with . or Enter, or press ? or * to list all spells.
Aiming: Shock (safe; 4% risk of failure)
Press: ? - help, Shift-Dir - straight line, f/p - worm
Aim: a worm (severely wounded, 10% to evade)
The zap hits the worm.
The worm is severely wounded.
Casting: Shock (safe; 4% risk of failure)
Confirm with . or Enter, or press ? or * to list all spells.
Aiming: Shock (safe; 4% risk of failure)
Press: ? - help, Shift-Dir - straight line, f/p - worm
Aim: a worm (severely wounded, 10% to evade)
The zap misses the worm.
The worm bites you!
Ouch! That really hurt!
You die...

..##....# #.#
..##....# #.#
..##....#
##'############
####....#
#......##...... ######
#.<...!##......
########......##......
#
#.......#'######.....)
# #.....w.#.# #....))
# #....@..+.# ######'
# #...)..(### #. #####
#######[# #. '...# #.#
#.
###.##############.###
#. #
#..................#
#. #
#................#.#
#.
####.###############.#
## .....# #.#


You could see a worm.

Vanquished Creatures
  2 adders (D:2)
  An orc (D:2)
  3 bats
  3 giant cockroaches (D:2)
  A hobgoblin (D:2)
  A quokka (D:2)
  2 frilled lizards (D:1)
  4 goblins
  A leopard gecko skeleton (D:2)
  5 rats (D:1)
23 creatures vanquished.

Notes
Turn   | Place    | Note
-------+----------+-------------------------------------------
     0 | D:1      | sahdkjhfkaj the Tengu Air Elementalist began the quest for
                  | the Orb.
     0 | D:1      | Reached XP level 1. HP: 10/10 MP: 4/4
   366 | D:1      | Reached XP level 2. HP: 15/15 MP: 1/6
   902 | D:2      | Reached skill level 1 in Shields
  1006 | D:2      | Reached XP level 3. HP: 18/19 MP: 3/7
  1833 | D:3      | Found a blossoming altar of Fedhas.
  2178 | D:2      | Slain by a worm

Illustrated notes

Levels and vault maps discovered:
D:1:      dpeg_arrival_three_same_balls, layout_loops_ring,
          chequers_serial_rivers_micro_d
D:2:      layout_basic
D:3:      layout_rooms, fedhas_altar_2, nicolae_overflow_crystal_walls,
          nicolae_overflow_hidden_temple, yredelemnul_altar_generic,
          kennysheep_decorative_pillar, grunt_gozag_statues

Skill      XL: |  1  2 |
---------------+-------+-----
Conjurations   | 2 3 |  3.3
Shields        | 1 |  1.9
Dodging        | |  2.1
Stealth        | |  2.0
Spellcasting   | |  2.0
Air Magic      | |  4.0

Action                   || total
-------------------------++-------
Melee: Unarmed           ||     1
       Kick              ||     1
 Cast: Shock             ||    58
  Use: Potion            ||     1
       Scroll            ||     3
Dodge: Dodged            ||     8
Block: Buckler           ||     1

Table legend: (Time is in decaauts)
 A = Elapsed time spent in this place.
 B = Non-inter-level travel time spent in this place.
 C = Inter-level travel time spent in this place.
 D = Time resting spent in this place.
 E = Time spent auto-exploring this place.
 F = Levels seen in this place.
 G = Mean time per level.
                   A        B        C        D        E       F      G
               +--------+--------+--------+--------+--------+-----+--------+
         Total |   2178 |   2128 |     50 |    324 |   1677 |   3 |  726.0 |
       Dungeon |   2178 |   2128 |     50 |    324 |   1677 |   3 |  726.0 |
               +--------+--------+--------+--------+--------+-----+--------+

Top non-repeatable levels by time:
     D:2: 1302 daAuts
     D:1: 864 daAuts
     D:3: 12 daAuts
